 Dungeon Crawl Stone Soup version 0.22.1-1-ga44c0e56f4 (webtiles) character file.

29 Lupzertantu the Magician (level 3, -3/31 HPs)
             Began as a Troll Wizard on Oct 10, 2018.
             Slain by a hobgoblin
             ... wielding a +0 club
             ... led by Robin
              (5 damage)
             ... on level 2 of the Dungeon.
             The game lasted 00:06:44 (1006 turns).

Lupzertantu the Magician (Troll Wizard)             Turns: 1006, Time: 00:06:45

Health: -3/31      AC:  5    Str: 16    XL:     3   Next: 1%
Magic:  3/5        EV: 10    Int: 14    God:
Gold:   47         SH:  0    Dex:  8    Spells: 5/6 levels left

rFire    . . .     SeeInvis .   g - +0 club
rCold    . . .     Gourm    +   (no shield)
rNeg     . . .     Faith    .   a - +0 robe
rPois    .         Spirit   .   b - +0 hat
rElec    .         Reflect  .   (no cloak)
rCorr    .         Harm     .   (gloves unavailable)
MR       .....                  (boots unavailable)
Stlth    +.........             (no amulet)
HPRegen  0.50/turn              (no ring)
MPRegen  0.09/turn              (no ring)

@: no status effects
A: large, unfitting armour, claws 3, fast metabolism 3, gourmand, regeneration
1, shaggy fur 1, tough skin 2
a: no special abilities


You were on level 2 of the Dungeon.
You were not hungry.

You visited 1 branch of the dungeon, and saw 2 of its levels.

You collected 47 gold pieces.

Inventory:

Hand Weapons
 g - a +0 club (weapon)
Missiles
 d - 23 bolts (quivered)
Armour
 a - a +0 robe (worn)
 b - a +0 hat (worn)
 c - a +0 leather armour
 e - a +0 buckler
Scrolls
 f - a scroll of identify
 i - a scroll of amnesia {unknown}
 j - 2 scrolls of teleportation {unknown}
Potions
 h - a potion of degeneration {unknown}


   Skills:
 + Level 0.2 Fighting
 + Level 2.0 Dodging
 + Level 1.1 Stealth
 + Level 0.2 Unarmed Combat
 + Level 2.3 Spellcasting
 + Level 0.6 Conjurations
   Level 0.6 Summonings
   Level 0.6 Translocations


You had 5 spell levels left.
You knew the following spells:

 Your Spells              Type           Power        Failure   Level  Hunger
a - Magic Dart            Conj           #...         19%         1    #......

Your spell library contained the following spells:

 Spells                   Type           Power        Failure   Level  Hunger
 Blink                    Tloc           N/A          26%         2    ###....
 Call Imp                 Summ           #.......     26%         2    ###....
 Slow                     Hex            #.......     34%         2    ###....
 Conjure Flame            Conj/Fire      #.......     52%         3    ###....
 Mephitic Cloud           Conj/Pois/Air  #.......     54%         3    ###....


Dungeon Overview and Level Annotations

Branches:
Dungeon (2/15)

Altars:

Annotations:
D:2 Robin


Innate Abilities, Weirdness & Mutations

You are too large for most types of armour.
You have claws for hands.
Your metabolism is lightning-fast.
You like to eat raw meat.
Your natural rate of healing is unusually fast.
You are covered in fur. (AC +1)
You have very tough skin. (AC +2)


Message History

You hear a shout!
You miss the leopard gecko.
The leopard gecko is lightly wounded.
The leopard gecko bites you but does no damage.
The hobgoblin hits you with a club.
* * * LOW HITPOINT WARNING * * *
Robin hits you with a dagger.
* * * LOW HITPOINT WARNING * * *
The leopard gecko closely misses you.
You hit the leopard gecko.
The leopard gecko is heavily wounded.
A giant cockroach comes into view.
Robin roars a battlecry!
The hobgoblin barely misses you.
The leopard gecko bites you but does no damage.
You hit the leopard gecko but do no damage.
The leopard gecko is heavily wounded.
The leopard gecko closely misses you. Robin closely misses you.
The hobgoblin hits you with a club.
You die...

### . #.. .
#.##. #.#s
#..# #..# ##
#gg# #.#
#@#.###.# #
#l##...##.####
#gg...g.gg...#
#########g##.#
#


You could see Robin, a leopard gecko, a giant cockroach, 2 hobgoblins and a
goblin.

Vanquished Creatures
  A dart slug (D:1)
  2 leopard geckos (D:1)
  2 giant cockroaches (D:1)
  4 goblins
  3 hobgoblins
  6 jackals (D:1)
  A bat (D:1)
  A frilled lizard (D:1)
  A rat (D:1)
21 creatures vanquished.

Notes
Turn   | Place    | Note
-------+----------+-------------------------------------------
     0 | D:1      | Lupzertantu the Troll Wizard began the quest for the Orb.
     0 | D:1      | Reached XP level 1. HP: 16/16 MP: 2/2
   209 | D:1      | Reached XP level 2. HP: 24/24 MP: 2/4
   982 | D:2      | Noticed Robin
   998 | D:2      | Reached XP level 3. HP: 19/31 MP: 5/5
  1004 | D:2      | HP: 1/31 [Robin/dagger (4)]
  1006 | D:2      | Slain by a hobgoblin

Skill      XL: |  1  2 |
---------------+-------+-----
Dodging        | 2 |  2.0
Fighting       | |  0.2
Stealth        | |  1.1
Unarmed Combat | |  0.2
Spellcasting   | |  2.3
Conjurations   | |  0.6
Summonings     | |  0.6
Translocations | |  0.6

Action                   || total
-------------------------++-------
Melee: Unarmed           ||    40
       Club              ||    85
 Cast: Magic Dart        ||    21
  Use: Scroll            ||     2
       Potion            ||     1
  Eat: Ration            ||     3
Armor: Robe              ||    87
       Skin              ||    10
Dodge: Dodged            ||   107
